[ AOE2 MATCH · #461369992 ]
UnrankedBohemians vs Huns
[ REPLAY ANALYSIS · EXTRACTED FROM THE RECORDED GAME ]
Feudal
—
Castle
—
Imperial
—
| APM avg | 41.0 |
| APM peak | 59 |
| eAPM avg | 8.2 |
| Villagers / military | 15 / 0 |
Focus
⚔️ 0.0% · 🌾 100.0%
Feudal
—
Castle
—
Imperial
—
| APM avg | 28.1 |
| APM peak | 43 |
| eAPM avg | 8.6 |
| Villagers / military | 15 / 0 |
Focus
⚔️ 0.0% · 🌾 100.0%
Feudal
—
Castle
—
Imperial
—
| APM avg | 12.4 |
| APM peak | 21 |
| eAPM avg | 6.1 |
| Villagers / military | 9 / 0 |
Focus
⚔️ 0.0% · 🌾 100.0%
Feudal
—
Castle
—
Imperial
—
| APM avg | 12.2 |
| APM peak | 23 |
| eAPM avg | 7.4 |
| Villagers / military | 16 / 0 |
Focus
⚔️ 0.0% · 🌾 100.0%
Feudal
—
Castle
—
Imperial
—
| APM avg | 1.5 |
| APM peak | 6 |
| eAPM avg | 1.5 |
| Villagers / military | 0 / 0 |
Feudal
—
Castle
—
Imperial
—
| APM avg | 32.4 |
| APM peak | 52 |
| eAPM avg | 10.1 |
| Villagers / military | 11 / 0 |
Focus
⚔️ 0.0% · 🌾 100.0%
Feudal
—
Castle
—
Imperial
—
| APM avg | 23.7 |
| APM peak | 45 |
| eAPM avg | 7.8 |
| Villagers / military | 9 / 0 |
Focus
⚔️ 0.0% · 🌾 100.0%
Feudal
—
Castle
—
Imperial
—
| APM avg | 27.9 |
| APM peak | 55 |
| eAPM avg | 8.6 |
| Villagers / military | 12 / 0 |
Focus
⚔️ 3.1% · 🌾 96.9%
Match map
Initial resources + every placement click. Lines = walls · curves = elevation contours. ◆ gold · ⬟ stone · ● berries · ✦ relic · ◌ wall gap
Your base
Andy's base
M1rc0ss_'s base
Luc_The_War's base
Acontitua1424's base
donkeykong05's base
Minnie's base
土豆雷's base
Smoothed initial terrain · ◌ = detected wall gap · hover for details
Inputs per minute
— MetmusTR - - Andy
Build order — MetmusTR
18 actions detected in the replay
| 0:08 | Build | House |
| 0:19 | Create | Villager (Male) |
| 0:20 | Create | Villager (Male) |
| 0:20 | Create | Villager (Male) |
| 0:20 | Create | Villager (Male) |
| 0:20 | Create | Villager (Male) |
| 1:54 | Create | Villager (Male) |
| 1:54 | Create | Villager (Male) |
| 2:42 | Create | Villager (Male) |
| 2:42 | Create | Villager (Male) |
| 3:13 | Build | House |
| 3:39 | Create | Villager (Male) |
| 3:39 | Create | Villager (Male) |
| 3:40 | Create | Villager (Male) |
| 4:04 | Build | Mill |
| 4:23 | Create | Villager (Male) |
| 4:23 | Create | Villager (Male) |
| 4:23 | Create | Villager (Male) |
Build order — Andy
19 actions detected in the replay
| 0:04 | Create | Villager (Male) |
| 0:04 | Create | Villager (Male) |
| 0:04 | Create | Villager (Male) |
| 0:05 | Build | House |
| 0:06 | Build | House |
| 0:29 | Create | Villager (Male) |
| 1:36 | Create | Villager (Male) |
| 1:36 | Create | Villager (Male) |
| 2:23 | Create | Villager (Male) |
| 2:24 | Create | Villager (Male) |
| 2:24 | Create | Villager (Male) |
| 2:43 | Create | Villager (Male) |
| 2:55 | Build | Mill |
| 3:04 | Create | Villager (Male) |
| 3:04 | Create | Villager (Male) |
| 3:24 | Build | Mill |
| 4:20 | Create | Villager (Male) |
| 4:20 | Create | Villager (Male) |
| 4:45 | Create | Villager (Male) |
Build order — M1rc0ss_
9 actions detected in the replay
| 0:07 | Create | Villager (Male) |
| 0:07 | Create | Villager (Male) |
| 0:07 | Create | Villager (Male) |
| 0:08 | Create | Villager (Male) |
| 0:08 | Create | Villager (Male) |
| 1:40 | Create | Villager (Male) |
| 2:18 | Create | Villager (Male) |
| 2:18 | Create | Villager (Male) |
| 2:18 | Create | Villager (Male) |
Build order — Luc_The_War
22 actions detected in the replay
| 0:04 | Create | Villager (Male) |
| 0:04 | Create | Villager (Male) |
| 0:04 | Create | Villager (Male) |
| 0:04 | Create | Villager (Male) |
| 0:09 | Build | House |
| 0:46 | Research | Loom |
| 1:27 | Build | House |
| 1:28 | Build | House |
| 1:29 | Build | House |
| 1:38 | Create | Villager (Male) |
| 1:38 | Create | Villager (Male) |
| 2:02 | Build | Mill |
| 2:25 | Create | Villager (Male) |
| 2:25 | Create | Villager (Male) |
| 2:46 | Create | Villager (Male) |
| 3:06 | Create | Villager (Male) |
| 3:06 | Create | Villager (Male) |
| 3:24 | Create | Villager (Male) |
| 3:49 | Create | Villager (Male) |
| 4:22 | Create | Villager (Male) |
| 4:23 | Create | Villager (Male) |
| 4:23 | Create | Villager (Male) |
Build order — Acontitua1424
0 actions detected in the replay
Build order — donkeykong05
15 actions detected in the replay
| 0:04 | Build | House |
| 0:05 | Create | Villager (Male) |
| 0:05 | Create | Villager (Male) |
| 0:11 | Create | Villager (Male) |
| 0:12 | Create | Villager (Male) |
| 1:21 | Create | Villager (Male) |
| 1:21 | Create | Villager (Male) |
| 2:11 | Create | Villager (Male) |
| 2:12 | Create | Villager (Male) |
| 2:49 | Create | Villager (Male) |
| 2:49 | Create | Villager (Male) |
| 3:40 | Build | House |
| 3:43 | Build | House |
| 4:07 | Build | Mill |
| 4:12 | Create | Villager (Male) |
Build order — Minnie
14 actions detected in the replay
| 0:09 | Build | House |
| 0:15 | Build | House |
| 0:18 | Create | Villager (Male) |
| 0:18 | Create | Villager (Male) |
| 0:37 | Create | Villager (Male) |
| 0:38 | Create | Villager (Male) |
| 1:37 | Create | Villager (Male) |
| 2:40 | Create | Villager (Male) |
| 2:40 | Create | Villager (Male) |
| 2:58 | Build | Mill |
| 3:04 | Build | House |
| 3:10 | Build | House |
| 3:14 | Create | Villager (Male) |
| 3:49 | Create | Villager (Male) |
Build order — 土豆雷
16 actions detected in the replay
| 0:06 | Create | Villager (Male) |
| 0:06 | Create | Villager (Male) |
| 0:06 | Create | Villager (Male) |
| 0:07 | Create | Villager (Male) |
| 0:07 | Create | Villager (Male) |
| 0:14 | Build | House |
| 1:28 | Build | Mill |
| 1:37 | Create | Villager (Male) |
| 2:05 | Create | Villager (Male) |
| 2:52 | Create | Villager (Male) |
| 3:10 | Create | Villager (Male) |
| 3:10 | Create | Villager (Male) |
| 3:21 | Build | House |
| 3:39 | Research | Loom |
| 3:53 | Create | Villager (Male) |
| 4:09 | Create | Villager (Male) |
Match timeline
| 4:10 | M1rc0ss_ · resign |
[ AI ANALYSIS · 1 CREDIT ]
What really happened in this match?
Wolo.gg analyzes every decision: build order, eco, micro, common mistakes by bracket. Personalized analysis on WhatsApp or Discord in 30 seconds.
Civ guide
Bohemians
Perfil
Jugador #18157563